MLB
ATLANTA BRAVES @ PHILADELPHIA PHILLIES
08/17/2044
 
TOP OF THE 1ST
Atlanta Braves batting - Pitching for Philadelphia Phillies : RHP Julian Bush
Pitching: RHP Julian Bush
Batting: RHB Liangde Li 0-0: Called Strike
0-1: Swinging Strike
0-2: Ball
1-2: Strikes out swinging
Batting: RHB Butch Kaiser 0-0: Ball
1-0: Called Strike
1-1: Ball
2-1: Foul Ball, location: 2F
2-2: Strikes out swinging
Batting: LHB Tom Best 0-0: Ball
1-0: Ball
2-0: Ball
3-0: Called Strike
3-1: Foul Ball, location: 2F
3-2: Foul Ball, location: 2F
3-2: Strikes out swinging
Top of the 1st over - 0 runs, 0 hits, 0 errors, 0 left on base; Atlanta 0 - Philadelphia 0
BOTTOM OF THE 1ST
Philadelphia Phillies batting - Pitching for Atlanta Braves : RHP Karel Heuvelink
Pitching: RHP Karel Heuvelink
Batting: LHB Jeff Luvisi 0-0: DOUBLE (Line Drive, 7LD, EV 98.1 MPH)
Batting: RHB Ji-an Li 0-0: Ball
1-0: Fly out, F8 (Flyball, 8LM, EV 93.8 MPH)
Batting: RHB Quintin Parker 0-0: Ball
1-0: Called Strike
1-1: Ball
2-1: Ball
3-1: Foul Ball, location: 2F
3-2: Ground out U3 (Groundball, 34S, EV 85.0 MPH)
Jeff Luvisi to third
Batting: LHB Eric Katz 0-0: Called Strike
0-1: Ball
1-1: Foul Ball, location: 2F
1-2: Ball
2-2: Fly out, F7 (Flyball, 78M, EV 91.9 MPH)
Bottom of the 1st over - 0 runs, 1 hit, 0 errors, 1 left on base; Atlanta 0 - Philadelphia 0
TOP OF THE 2ND
Atlanta Braves batting - Pitching for Philadelphia Phillies : RHP Julian Bush
Batting: LHB Yasahiko Teshima 0-0: Ball
1-0: Called Strike
1-1: Ball
2-1: Foul Ball, location: 2F
2-2: Ball
3-2: Strikes out swinging
Batting: RHB Ray Llewellyn 0-0: Fly out, F8 (Flyball, 8RS, EV 81.9 MPH)
Batting: RHB Danny Anderson 0-0: Swinging Strike
0-1: Called Strike
0-2: Ball
1-2: DOUBLE (Line Drive, 89D, EV 107.5 MPH)
Batting: LHB Curt Nelson 0-0: Called Strike
0-1: Foul Ball, location: 2F
0-2: Ball
1-2: Strikes out swinging
Top of the 2nd over - 0 runs, 1 hit, 0 errors, 1 left on base; Atlanta 0 - Philadelphia 0
BOTTOM OF THE 2ND
Philadelphia Phillies batting - Pitching for Atlanta Braves : RHP Karel Heuvelink
Batting: LHB Nick Canizales 0-0: Swinging Strike
0-1: Ball
1-1: Ground out 3-1 (Groundball, 34, EV 85.0 MPH)
Batting: LHB Alberto Figueroa 0-0: Foul Ball, location: 2F
0-1: Ground out 5-3 (Groundball, 56, EV 81.9 MPH)
Batting: RHB Matt Sanders 0-0: SINGLE (Groundball, 25, EV 76.3 MPH) (infield hit)
Batting: RHB Chef Belew 0-0: Ball
1-0: Called Strike
1-1: Ball
2-1: Called Strike
2-2: Foul Ball, location: 2F
2-2: Foul Ball, location: 2F
2-2: Strikes out swinging
Bottom of the 2nd over - 0 runs, 1 hit, 0 errors, 1 left on base; Atlanta 0 - Philadelphia 0
TOP OF THE 3RD
Atlanta Braves batting - Pitching for Philadelphia Phillies : RHP Julian Bush
Batting: RHB Liu-liang Lei 0-0: Swinging Strike
0-1: Ball
1-1: Foul Ball, location: 2F
1-2: Strikes out swinging
Batting: RHB Ian Sousa 0-0: Called Strike
0-1: Ground out 4-3 (Groundball, 4, EV 80.0 MPH)
Batting: RHB Liangde Li 0-0: Hit by Pitch
Batting: RHB Butch Kaiser 0-0: Ball
Liangde Li steals 2nd base
1-0: Ground out 5-3 (Groundball, 56, EV 95.6 MPH)
Top of the 3rd over - 0 runs, 0 hits, 0 errors, 1 left on base; Atlanta 0 - Philadelphia 0
BOTTOM OF THE 3RD
Philadelphia Phillies batting - Pitching for Atlanta Braves : RHP Karel Heuvelink
Batting: RHB Mitch Boyd 0-0: Called Strike
0-1: Swinging Strike
0-2: Ball
1-2: Strikes out swinging
Batting: LHB Jeff Luvisi 0-0: Called Strike
0-1: Ball
1-1: Ball
2-1: Ball
3-1: Fly out, F8 (Line Drive, 8RD, EV 94.4 MPH)
Batting: RHB Ji-an Li 0-0: Ball
1-0: Foul Ball, location: 2F
1-1: SINGLE (Line Drive, 8LM, EV 98.8 MPH)
Batting: RHB Quintin Parker 0-0: Fielders Choice at 2nd, 6-4 (Groundball, 6, EV 93.8 MPH)
Bottom of the 3rd over - 0 runs, 1 hit, 0 errors, 1 left on base; Atlanta 0 - Philadelphia 0
TOP OF THE 4TH
Atlanta Braves batting - Pitching for Philadelphia Phillies : RHP Julian Bush
Batting: LHB Tom Best 0-0: Foul Ball, location: 2F
0-1: Ball
1-1: Foul Ball, location: 2F
1-2: Foul Ball, location: 2F
1-2: Strikes out swinging, 2-3 out at first.
Batting: LHB Yasahiko Teshima 0-0: Ground out U3 (Groundball, 3, EV 101.9 MPH)
Batting: RHB Ray Llewellyn 0-0: Called Strike
0-1: Ball
1-1: Foul Ball, location: 2F
1-2: Ball
2-2: Ball
3-2: Reached on error, E1 (Groundball, P, EV 61.9 MPH)
Batting: RHB Danny Anderson 0-0: Called Strike
0-1: Ball
1-1: Called Strike
1-2: Strikes out swinging
Top of the 4th over - 0 runs, 0 hits, 1 error, 1 left on base; Atlanta 0 - Philadelphia 0
BOTTOM OF THE 4TH
Philadelphia Phillies batting - Pitching for Atlanta Braves : RHP Karel Heuvelink
Batting: LHB Eric Katz 0-0: Ground out 6-3 (Groundball, 6, EV 83.1 MPH)
Batting: LHB Nick Canizales 0-0: Ball
1-0: Called Strike
1-1: Ball
2-1: Ball
3-1: Base on Balls
Batting: LHB Alberto Figueroa 0-0: Fly out, F5 (Line Drive, 5, EV 68.1 MPH)
Batting: RHB Matt Sanders 0-0: Foul Ball, location: 2F
0-1: Ball
1-1: Ball
2-1: Foul Ball, location: 2F
2-2: Strikes out swinging
Bottom of the 4th over - 0 runs, 0 hits, 0 errors, 1 left on base; Atlanta 0 - Philadelphia 0
TOP OF THE 5TH
Atlanta Braves batting - Pitching for Philadelphia Phillies : RHP Julian Bush
Batting: LHB Curt Nelson 0-0: Called Strike
0-1: Ball
1-1: Foul Ball, location: 2F
1-2: Foul Ball, location: 2F
1-2: Ball
2-2: Ball
3-2: Strikes out swinging
Batting: RHB Liu-liang Lei 0-0: Called Strike
0-1: Foul Ball, location: 2F
0-2: SINGLE (Line Drive, 9S, EV 103.1 MPH)
Batting: RHB Ian Sousa 0-0: Grounds into double play, 6-4-3 (Groundball, 6, EV 85.6 MPH)
Top of the 5th over - 0 runs, 1 hit, 0 errors, 0 left on base; Atlanta 0 - Philadelphia 0
BOTTOM OF THE 5TH
Philadelphia Phillies batting - Pitching for Atlanta Braves : RHP Karel Heuvelink
Batting: RHB Chef Belew 0-0: Swinging Strike
0-1: Foul Ball, location: 2F
0-2: Ball
1-2: Foul Ball, location: 2F
1-2: Ball
2-2: Fly out, F8 (Flyball, 8RXD, EV 108.1 MPH)
Batting: RHB Mitch Boyd 0-0: Called Strike
0-1: Ground out 6-3 (Groundball, 6, EV 100.0 MPH)
Batting: LHB Jeff Luvisi 0-0: Ball
1-0: Ball
2-0: Ground out 5-3 (Groundball, 56, EV 103.8 MPH)
Bottom of the 5th over - 0 runs, 0 hits, 0 errors, 0 left on base; Atlanta 0 - Philadelphia 0
TOP OF THE 6TH
Atlanta Braves batting - Pitching for Philadelphia Phillies : RHP Julian Bush
Batting: RHB Liangde Li 0-0: Swinging Strike
0-1: Called Strike
0-2: Ball
1-2: Ball
2-2: Ball
3-2: Foul Ball, location: 2F
3-2: Ground out 5-3 (Groundball, 56, EV 87.5 MPH)
Batting: RHB Butch Kaiser 0-0: Ground out 4-3 (Groundball, 4, EV 88.8 MPH)
Batting: LHB Tom Best 0-0: Foul Ball, location: 2F
0-1: Called Strike
0-2: Ball
1-2: Ball
2-2: Foul Ball, location: 2F
2-2: Foul Ball, location: 2F
2-2: Fly out, F4 (Line Drive, 4, EV 64.4 MPH)
Top of the 6th over - 0 runs, 0 hits, 0 errors, 0 left on base; Atlanta 0 - Philadelphia 0
BOTTOM OF THE 6TH
Philadelphia Phillies batting - Pitching for Atlanta Braves : RHP Karel Heuvelink
Batting: RHB Ji-an Li 0-0: Ball
1-0: Called Strike
1-1: Ball
2-1: Ball
3-1: Base on Balls
Batting: RHB Quintin Parker 0-0: Ball
1-0: DOUBLE (Line Drive, 8LD, EV 96.3 MPH)
Ji-an Li to third
Batting: LHB Eric Katz 0-0: Called Strike
0-1: SINGLE (Groundball, 6, EV 101.9 MPH) (infield hit)
Ji-an Li scores
Quintin Parker to third
Batting: LHB Nick Canizales 0-0: Ball
1-0: Grounds into double play, 4-6-3 (Groundball, 4, EV 83.8 MPH)
Quintin Parker scores
Batting: LHB Alberto Figueroa 0-0: Called Strike
0-1: Fly out, F8 (Line Drive, 8RM, EV 91.9 MPH)
Bottom of the 6th over - 2 runs, 2 hits, 0 errors, 0 left on base; Atlanta 0 - Philadelphia 2
TOP OF THE 7TH
Atlanta Braves batting - Pitching for Philadelphia Phillies : RHP Julian Bush
Batting: LHB Yasahiko Teshima 0-0: Called Strike
0-1: Foul Ball, location: 2F
0-2: Foul Ball, location: 2F
0-2: Ball
1-2: Ball
2-2: Foul Ball, location: 2F
2-2: Ball
3-2: Strikes out swinging
Pitching: LHP Rico Saldarriaga
Batting: RHB Ray Llewellyn 0-0: Called Strike
0-1: SINGLE (Groundball, 5S, EV 73.8 MPH) (infield hit)
Batting: RHB Danny Anderson 0-0: Ball
1-0: Ball
2-0: Ball
3-0: Called Strike
3-1: 2-RUN HOME RUN (Flyball, 9LD, EV 97.5 MPH), Distance : 349 ft
Batting: LHB Curt Nelson 0-0: Ball
1-0: SINGLE (Flyball, 34D, EV 87.5 MPH)
Batting: RHB Liu-liang Lei 0-0: Ball
1-0: Foul Ball, location: 2F
1-1: Ball
Curt Nelson steals 2nd base (no throw)
2-1: Ball
3-1: 2-RUN HOME RUN (Flyball, 7D, EV 98.1 MPH), Distance : 369 ft
Pitching: LHP Steve Pratt
Batting: RHB Ian Sousa 0-0: Ball
1-0: Swinging Strike
1-1: Ball
2-1: Reached via error on a dropped throw from P, E3 (Groundball, 13, EV 65.0 MPH)
Batting: RHB Liangde Li 0-0: Ball
1-0: Swinging Strike
1-1: Ball
2-1: Foul Ball, location: 2F
2-2: Foul Ball, location: 2F
2-2: Strikes out looking
Batting: RHB Butch Kaiser 0-0: Called Strike
0-1: Ball
1-1: Foul Ball, location: 2F
1-2: Foul Ball, location: 2F
1-2: Strikes out swinging
Top of the 7th over - 4 runs, 4 hits, 1 error, 1 left on base; Atlanta 4 - Philadelphia 2
BOTTOM OF THE 7TH
Philadelphia Phillies batting - Pitching for Atlanta Braves : RHP Karel Heuvelink
Batting: RHB Matt Sanders 0-0: Fly out, F9 (Flyball, 9LS, EV 88.8 MPH)
Batting: RHB Chef Belew 0-0: Called Strike
0-1: SINGLE (Line Drive, 89S, EV 104.4 MPH)
Batting: RHB Mitch Boyd 0-0: Swinging Strike
0-1: Ball
1-1: Ball
2-1: Foul Ball, location: 2F
2-2: Strikes out swinging
Batting: LHB Jeff Luvisi 0-0: Swinging Strike
0-1: Ball
1-1: SINGLE (Groundball, 4MS, EV 66.3 MPH) (infield hit)
Chef Belew to second
Batting: RHB Ji-an Li 0-0: Called Strike
0-1: Ball
1-1: Ball
2-1: Ball
3-1: Ground out 4-3 (Groundball, 4, EV 104.4 MPH)
Bottom of the 7th over - 0 runs, 2 hits, 0 errors, 2 left on base; Atlanta 4 - Philadelphia 2
TOP OF THE 8TH
Atlanta Braves batting - Pitching for Philadelphia Phillies : LHP Steve Pratt
Pinch Hitting: SHB Ken Welch 0-0: Foul Ball, location: 2F
0-1: Ball
1-1: Called Strike
1-2: Ball
2-2: SINGLE (Groundball, 6D, EV 96.9 MPH)
Batting: LHB Yasahiko Teshima 0-0: Foul Ball, location: 2F
0-1: Foul Ball, location: 2F
0-2: Strikes out looking
Batting: RHB Ray Llewellyn 0-0: Ball
1-0: Grounds into double play, 5-4-3 (Groundball, 56S, EV 84.4 MPH)
Top of the 8th over - 0 runs, 1 hit, 0 errors, 0 left on base; Atlanta 4 - Philadelphia 2
BOTTOM OF THE 8TH
Philadelphia Phillies batting - Pitching for Atlanta Braves : RHP Karel Heuvelink
Now in RF: Colin Worthington
Batting: RHB Quintin Parker 0-0: Ground out 4-3 (Groundball, 4, EV 86.3 MPH)
Batting: LHB Eric Katz 0-0: Foul Ball, location: 2F
0-1: Ball
1-1: Foul Ball, location: 2F
1-2: Foul Ball, location: 2F
1-2: Foul Ball, location: 2F
1-2: SOLO HOME RUN (Flyball, 9D, EV 99.4 MPH), Distance : 380 ft
Batting: LHB Nick Canizales 0-0: Swinging Strike
0-1: Ball
1-1: Ball
2-1: Fly out, F8 (Flyball, 89M, EV 97.5 MPH)
Batting: LHB Alberto Figueroa 0-0: Ball
1-0: Foul Ball, location: 2F
1-1: SINGLE (Flyball, 3D, EV 98.8 MPH)
Pitching: RHP Charles Hewson
Batting: RHB Matt Sanders 0-0: Ball
1-0: Swinging Strike
1-1: Foul Ball, location: 2F
1-2: Strikes out swinging
Bottom of the 8th over - 1 run, 2 hits, 0 errors, 1 left on base; Atlanta 4 - Philadelphia 3
TOP OF THE 9TH
Atlanta Braves batting - Pitching for Philadelphia Phillies : LHP Steve Pratt
Batting: RHB Danny Anderson 0-0: Called Strike
0-1: Called Strike
0-2: Ball
1-2: Fly out, F9 (Flyball, 89S, EV 91.3 MPH)
Batting: LHB Curt Nelson 0-0: Ball
1-0: Ball
2-0: DOUBLE (Flyball, 89D, EV 102.5 MPH)
Batting: RHB Liu-liang Lei 0-0: Foul Ball, location: 2F
0-1: Fly out, F9 (Flyball, 89S, EV 88.8 MPH)
Batting: RHB Ian Sousa 0-0: Called Strike
0-1: Fly out, F9 (Flyball, 89D, EV 105.0 MPH)
Top of the 9th over - 0 runs, 1 hit, 0 errors, 1 left on base; Atlanta 4 - Philadelphia 3
BOTTOM OF THE 9TH
Philadelphia Phillies batting - Pitching for Atlanta Braves : RHP Charles Hewson
Pitching: RHP Mike Aguilar
Batting: RHB Chef Belew 0-0: Ball
1-0: Called Strike
1-1: Foul Ball, location: 2F
1-2: Foul Ball, location: 2F
1-2: Ball
2-2: Ground out 4-3 (Groundball, 4, EV 85.0 MPH)
Batting: RHB Mitch Boyd 0-0: Ball
1-0: Foul Ball, location: 2F
1-1: Ball
2-1: Ball
3-1: Base on Balls
Batting: LHB Jeff Luvisi 0-0: Ball
1-0: Foul Ball, location: 2F
1-1: Ball
2-1: Fielders Choice at 2nd, 6-4 (Groundball, 6, EV 96.9 MPH)
Batting: RHB Ji-an Li 0-0: Called Strike
0-1: Ball
1-1: Ball
2-1: Fly out, F9 (Flyball, 9S, EV 86.3 MPH)
Bottom of the 9th over - 0 runs, 0 hits, 0 errors, 1 left on base; Atlanta 4 - Philadelphia 3
Thursday, March 31st , 2022 - OOTP Baseball 22.12 Build 89